 Dungeon Crawl Stone Soup version 0.27-a0-1191-g601b473118 (webtiles) character file.

Game seed: 8906158301761427953

3 Delamore the Skirmisher (level 1, 0/14 HPs)
             Began as a Gargoyle Monk on May 24, 2021.
             Slain by a jackal (2 damage)
             ... on level 1 of the Dungeon.
             The game lasted 00:00:15 (108 turns).

Delamore the Skirmisher (Gargoyle Monk)              Turns: 108, Time: 00:00:16

Health: 0/14       AC:  4    Str: 14    XL:     1   Next: 50%
Magic:  1/1        EV: 12    Int: 10    God:
Gold:   0          SH:  0    Dex: 12    Spells: 0/0 levels left

rFire    . . .     SeeInvis .   a - +0 mace
rCold    . . .     Faith    .   (no shield)
rNeg     + . .     Spirit   .   b - +0 robe
rPois    ∞         Reflect  .   (no helmet)
rElec    +         Harm     .   (no cloak)
rCorr    .         Rampage  .   (no gloves)
Will     .....                  (no boots)
Stlth    ++........             (no amulet)
HPRegen  0.04/turn              (no ring)
MPRegen  0.07/turn              (no ring)

@: no status effects
A: sickness immunity, AC +2, negative energy resistance 1, electricity
resistance, torment resistance 1, petrification resistance
a: no special abilities


You were on level 1 of the Dungeon.
You visited 1 branch of the dungeon, and saw 1 of its levels.

Inventory:

Hand Weapons
 a - a +0 mace (weapon)
Armour
 b - a +0 robe (worn)


   Skills:
 + Level 3.3 Fighting
 * Level 3.1 Maces & Flails
 - Level 2.4 Dodging
 - Level 2.1 Stealth


You couldn't memorise any spells.
You didn't know any spells.
Your spell library was empty.

Dungeon Overview and Level Annotations

Branches:
Dungeon (1/15)

Altars:


Innate Abilities, Weirdness & Mutations

You are immune to sickness and miasma.
Your stone body is resilient. (AC +2)
You are immune to poison.
You resist negative energy. (rN+)
You are resistant to electric shocks. (rElec)
You are resistant to unholy torment.
You are immune to petrification.


Message History

The jackal misses you.
The giant cockroach bites you but does no damage.
You closely miss the jackal. The bat completely misses you.
The jackal bites you. The jackal closely misses you.
The jackal barely misses you.
The giant cockroach bites you but does no damage.
The jackal bites you.
You are too injured to fight recklessly!
You are too injured to fight recklessly!
You are too injured to fight recklessly!
You are too injured to fight recklessly!
You are too injured to fight recklessly!
You are too injured to fight recklessly!
You are too injured to fight recklessly!
You are too injured to fight recklessly!
You are too injured to fight recklessly!
You are too injured to fight recklessly!
You are too injured to fight recklessly!
You are too injured to fight recklessly!
You are too injured to fight recklessly!
The bat misses you. The bat hits you but does no damage.
The giant cockroach bites you.
* * * LOW HITPOINT WARNING * * *
The bat closely misses you. The bat barely misses you.
The jackal barely misses you. The bat barely misses you.
The jackal barely misses you. The bat hits you but does no damage.
The jackal barely misses you. The bat closely misses you.
You barely miss the bat. The bat hits you.
* * * LOW HITPOINT WARNING * * *
The bat closely misses you.
You hit the bat.
The bat is severely wounded.
The bat hits you but does no damage. x2
You hit the bat.
You kill the bat!
The jackal barely misses you.
You barely miss the jackal. The jackal bites you.
You die...

#.# #.# #.# #.#
#.#######.
#######..†......
........##########
.................#
##
........########@#
.. ........#
#h######.#####
#########
#####Bh..........
#....K.####....#
#.###.....#....###
#.............
#............#
#..........#.
#..........#


You could see 2 jackals, a giant cockroach and a kobold.

Vanquished Creatures
  2 bats (D:1)
  A giant cockroach (D:1)
3 creatures vanquished.

Notes
Turn   | Place    | Note
-------+----------+-------------------------------------------
     0 | D:1      | Delamore the Gargoyle Monk began the quest for the Orb.
     0 | D:1      | Reached XP level 1. HP: 14/14 MP: 1/1
   108 | D:1      | Slain by a jackal

Illustrated notes

Levels and vault maps discovered:
D:1:      co_arrival_random_square_maze, layout_basic, minmay_crystal_room,
          hex_intersection, due_unseen_surprise

Action                   || total
-------------------------++-------
Melee: Mace              ||    14
Armor: Robe              ||    16
Dodge: Dodged            ||    29

Table legend: (Time is in decaauts)
 A = Elapsed time spent in this place.
 B = Non-inter-level travel time spent in this place.
 C = Inter-level travel time spent in this place.
 D = Time resting spent in this place.
 E = Time spent auto-exploring this place.
 F = Levels seen in this place.
 G = Mean time per level.
                   A        B        C        D        E       F      G
               +--------+--------+--------+--------+--------+-----+--------+
         Total |    111 |    111 |      0 |      0 |     70 |   1 |  111.0 |
       Dungeon |    111 |    111 |      0 |      0 |     70 |   1 |  111.0 |
               +--------+--------+--------+--------+--------+-----+--------+

Top non-repeatable levels by time:
     D:1: 111 daAuts
